 Dungeon Crawl Stone Soup version 0.30.1-11-g7821555f0a (webtiles) character file.

Game seed: 6245884229887761738

233 Psyclone the Conjurer (level 5, 0/27 (28) HPs)
             Began as a Deep Elf Conjurer on Nov 9, 2023.
             Slain by a wight
             ... wielding a +4 battleaxe
              (17 damage)
             ... on level 3 of the Dungeon.
             The game lasted 00:04:34 (1771 turns).

Psyclone the Conjurer (Deep Elf Conjurer)           Turns: 1771, Time: 00:04:35

HP:   0/27 (28)     AC:  5    Str:  4    XL:     5   Next: 74%
MP:   12/14         EV: 12    Int: 28    God:
Gold: 113           SH:  0    Dex: 13    Spells: 11/14 levels left

rFire   . . .        f - +2 dagger (venom)
rCold   . . .        (no shield)
rNeg    . . .        a - +0 robe
rPois   .            k - +2 helmet {Int+3}
rElec   .            (no cloak)
rCorr   .            (no gloves)
SInv    .            (no boots)
Will    .....        d - amulet of magic regeneration
Stlth   ++           (no ring)
HPRegen 0.24/turn    (no ring)
MPRegen 0.54/turn

%: no passive effects
@: lightly drained
A: no striking features
a: no special abilities


You were on level 3 of the Dungeon.
You visited 1 branch of the dungeon, and saw 3 of its levels.

You collected 113 gold pieces.

Inventory:

Hand Weapons
 f - a +2 dagger of venom (weapon)
Armour
 a - a +0 robe (worn)
 k - a +2 helmet of intelligence (worn)
Jewellery
 d - an amulet of magic regeneration (around neck)
Wands
 l - a wand of flame (15)
Scrolls
 c - 5 scrolls of identify {@r1}
 g - a scroll of immolation
 i - a scroll of teleportation
Potions
 b - a potion of magic
 e - a potion of curing


   Skills:
 - Level 2.4 Dodging
 - Level 2.4 Stealth
 + Level 5.2 Spellcasting
 * Level 6.8 Conjurations


You had 11 spell levels left.
You knew the following spells:

 Your Spells              Type           Power      Damage    Failure   Level
a - Magic Dart            Conj           100%       1d8       1%          1
b - Searing Ray           Conj           90%        2d7       1%          2

Your spell library contained the following spells:

 Spells                   Type           Power      Damage    Failure   Level
 Dazzling Flash           Conj/Hex       52%        N/A       4%          3
 Stone Arrow              Conj/Erth      52%        3d10      4%          3
 Sandblast                Erth           14%        2d6       7%          1
 Summon Small Mammal      Summ           28%        N/A       7%          1
 Passwall                 Tmut/Erth      5%         N/A       10%         2
 Fulminant Prism          Conj/Hex       13%        3d8       16%         4
 Iskenderun's Mystic Bla  Conj/Tloc      26%        2d7       16%         4
 Call Canine Familiar     Summ           7%         N/A       21%         3
 Summon Guardian Golem    Hex/Summ       7%         N/A       21%         3


Dungeon Overview and Level Annotations

Branches:
Dungeon (3/15) Zot: 16219

Altars:
Ru


Message History

Aiming: Magic Dart (safe; 1% risk of failure)
Press: ? - help, Shift-Dir - straight line, f/p - quokka
Aim: a quokka (almost dead, 100% to hit)
The magic dart hits the quokka.
You kill the quokka!
Casting: Magic Dart (safe; 1% risk of failure)
Confirm with . or Enter, or press ? or * to list all spells.
You can't see any susceptible monsters within range! (Use Z to cast anyway.) Unknown command.
Casting: Magic Dart (safe; 1% risk of failure)
Confirm with . or Enter, or press ? or * to list all spells.
You can't see any susceptible monsters within range! (Use Z to cast anyway.) Unknown command.
Magic restored. 2 wights come into view.
You hear the slow rusting of a very distant drain.
The wight completely misses something.
MP restored: 14 Something hits the bush but does no damage.
A wight comes into view. It is wielding a +0 long sword.
An adder comes into view.
Casting: Magic Dart (safe; 1% risk of failure)
Confirm with . or Enter, or press ? or * to list all spells.
Aiming: Searing Ray (safe; 1% risk of failure)
Press: ? - help, Shift-Dir - straight line, f - wight
Aim: a wight, wielding a +4 battleaxe and wearing a +0 robe (82% to hit)
The searing ray hits the wight.
The wight is moderately damaged.
The searing ray misses the wight. (Press . to maintain the ray.)
The adder hisses angrily.
The wight hits you with a +4 battleaxe!
You feel drained.
You take 11 damage, and have 17/27 hp.
MASSIVE DAMAGE!!
You now have 12/14 mp.
The searing ray hits the wight but does no damage.
The wight is moderately damaged.
The searing ray hits the wight.
The wight is moderately damaged.
The wight hits you with a +4 battleaxe!
Ouch! That really hurt!
You die...

.♣♣.....♣♣...
....._......##.#
.♣♣.....♣♣..##.# #
.♣..♣.♣..♣...#.# .##
...♣♣.♣♣...>.... P.P#
#.........#..#.# #≈.≈##
####..##..#..#.###≈≈.≈≈#
#..##.....#.#P≈≈≈.≈≈≈
#..##.##..#..@zzz....
#..##.##....#P≈≈≈.≈≈≈
#..##.#.....###≈≈.≈≈#
#.)##.#.#.....##≈.≈##
#.<##.#.#.#.###


PSP# #.###.#.#.#.# ...# #. #.#.#.#.# .♣. #. #.#.#.# .. #. #...# You could see 3
wights and an adder.

Vanquished Creatures
  An orc priest (D:2)
  Natasha (thrice) (D:2)
  Terence (D:3)
  3 gnolls (D:2)
  2 adders (D:2)
  A dart slug (D:2)
  2 orcs (D:2)
  8 ball pythons
  7 endoplasms
  A giant cockroach (D:2)
  5 hobgoblins
  6 quokkas
  4 bats
  6 goblins
  3 kobolds
  3 rats (D:1)
56 creatures vanquished.

Notes
Turn   | Place    | Note
-------+----------+-------------------------------------------
     0 | D:1      | Psyclone the Deep Elf Conjurer began the quest for the Orb.
     0 | D:1      | Reached XP level 1. HP: 10/10 MP: 6/6
    99 | D:1      | Reached XP level 2. HP: 8/15 MP: 2/8
   345 | D:1      | Reached skill level 5 in Conjurations
   408 | D:1      | Found a faded altar of an unknown god.
   632 | D:2      | Reached XP level 3. HP: 19/19 MP: 8/10
   638 | D:2      | Learned a level 2 spell: Searing Ray
   715 | D:2      | Reached XP level 4. HP: 12/24 MP: 3/12
   929 | D:2      | Reached skill level 6 in Conjurations
  1006 | D:2      | Noticed Natasha
  1010 | D:2      | Killed Natasha
  1011 | D:2      | Reached XP level 5. HP: 28/28 MP: 11/14
  1415 | D:2      | Noticed Natasha
  1417 | D:2      | Killed Natasha
  1418 | D:2      | Reached skill level 5 in Spellcasting
  1484 | D:2      | Noticed Natasha
  1488 | D:2      | Killed Natasha
  1715 | D:3      | Noticed Terence
  1718 | D:3      | Killed Terence
  1722 | D:3      | Found a sacrificial altar of Ru.
  1771 | D:3      | Slain by a wight

Illustrated notes

Levels and vault maps discovered:
D:1:      dpeg_arrival_arbitrary_a, layout_rooms,
          shapermc_ecumenical_altar_mp_highgroup, hangedman_abyss_or_decor_stabs
D:2:      layout_loops_cross, uniq_natasha
D:3:      layout_basic, nicolae_hepliaklqana_hazy_memory,
          nicolae_elyvilon_temple_path, mainiacjoe_overflow_small_starburst,
          gup_sewer_entry_pipe, dreamdust_princess_bridge, st_stairs_12,
          uniq_terence

Skill      XL: |  1  2  3  4  5 |
---------------+----------------+-----
Conjurations   | 5 6 |  6.8
Spellcasting   | 4 5 |  5.2
Dodging        | |  2.4
Stealth        | |  2.4

Action                     |  1- 3 |  4- 6 || total
---------------------------+-------+-------++-------
  Melee: Dagger            |       |    15 ||    15
         Punch             |       |     1 ||     1
   Cast: Magic Dart        |    66 |    22 ||    88
         Searing Ray       |     1 |     6 ||     7
    Use: Scroll            |     1 |     4 ||     5
         Potion            |       |     1 ||     1
   Stab: Sleeping          |       |     1 ||     1
 Armour: Robe              |     4 |     4 ||     8
  Dodge: Dodged            |    17 |     9 ||    26
